 Dungeon Crawl Stone Soup version 0.29-a0-870-g2c972031a6 (webtiles) character file.

Game seed: 13962613620038407749

1 blitzwitch the Trooper (level 1, 0/18 HPs)
             Began as a Mummy Cinder Acolyte on July 18, 2022.
             Was a High Priest of Ignis.
             Slain by a ball python (2 damage)
             ... on level 1 of the Dungeon.
             The game lasted 00:02:24 (225 turns).

blitzwitch the Trooper (Mummy Cinder Acolyte)        Turns: 225, Time: 00:02:32

Health: 0/18       AC:  2    Str: 17    XL:     1   Next: 16%
Magic:  2/2        EV:  8    Int: 13    God:    Ignis [*****.]
Gold:   55         SH:  0    Dex:  7    Spells: 2/2 levels left

rFire   . . .      SeeInvis .   a - -1 falchion (flame)
rCold   + . .      Faith    .   (no shield)
rNeg    + + +      Spirit   .   b - +0 robe
rPois   ∞          Reflect  .   (no helmet)
rElec   .          Harm     .   (no cloak)
rCorr   .          Rampage  .   (no gloves)
Will    .....                   (no boots)
Stlth   +.........              (no amulet)
HPRegen 0.06/turn               (no ring)
MPRegen 0.08/turn               (no ring)

@: constricted
A: cold resistance 1, negative energy resistance 3, torment resistance 2, heat
vulnerability 1, no potions
a: Renounce Religion, Fiery Armour, Foxfire Swarm, Rising Flame


You were on level 1 of the Dungeon.
You worshipped Ignis.
Ignis was extremely pleased with you.
You visited 1 branch of the dungeon, and saw 1 of its levels.

You collected 55 gold pieces.

Inventory:

Hand Weapons
 a - a -1 falchion of flaming (weapon)
Armour
 b - a +0 robe (worn)
Scrolls
 c - a scroll of teleportation {unknown}
 d - a scroll of blinking {unknown}


   Skills:
 + Level 3.0 Fighting
 + Level 2.4 Long Blades
 + Level 1.3 Spellcasting
 + Level 2.5 Fire Magic


You had 2 spell levels left.
You didn't know any spells.
Your spell library contained the following spells:

 Spells                   Type           Power      Damage    Failure   Level
 Scorch                   Fire           14%        2d5       14%         2


Dungeon Overview and Level Annotations

Branches:
Dungeon (1/15)

Altars:


Innate Abilities, Weirdness & Mutations

You are immune to poison.
Your flesh is cold resistant. (rC+)
You are immune to negative energy. (rN+++)
You are immune to unholy pain and torment.
You are vulnerable to heat. (rF-)
You do not drink.


Message History

You see here 8 stones.
Found 16 gold pieces.
You now have 45 gold pieces (gained 16).
You now have 55 gold pieces (gained 10).
Found a robe.
A kobold comes into view. It is wielding a +0 short sword.
The kobold shouts!
An endoplasm comes into view.
The endoplasm quivers.
The endoplasm jiggles.
The kobold hits you but does no damage.
A ball python comes into view.
The ball python hisses angrily.
A goblin comes into view. It is wielding a +0 dagger.
The kobold hits you but does no damage.
The kobold hits you with a +0 short sword.
The endoplasm closely misses you.
You hit the endoplasm. You burn the endoplasm.
The endoplasm is heavily wounded.
The kobold closely misses you. The endoplasm freezes you.
You are frozen.
You resist.
You hit the endoplasm. You burn the endoplasm.
The endoplasm is severely wounded.
The endoplasm freezes you.
You are frozen.
You resist. The kobold misses you.
You hit the endoplasm. You burn the endoplasm.
You kill the endoplasm!
The ball python bites you. The ball python barely misses you.
The kobold closely misses you. The ball python bites you.
The ball python grabs you. The ball python constricts you.
You escape the ball python's grasp.
Found 16 gold pieces and a mace.
The goblin closely misses you.
You hit the goblin but do no damage. The ball python barely misses you.
The ball python grabs you. The ball python constricts you.
The goblin hits you with a +0 dagger.
* * * LOW HITPOINT WARNING * * *
The kobold hits you with a +0 short sword.
* * * LOW HITPOINT WARNING * * *
The ball python bites you.
You die...

........... ......## ..#
... ....#..#########
..#.... #.#)........
..##..#...)
..........####..#.......
..###..................$
..###...................
#..##...................
...............K@g......
##...#..>.......S.......
##..#..................
#....#.#####..........
##.#..... ...........
#.#..........[.......
#..................#.
##...........#######


You could see a goblin, a ball python and a kobold.

Vanquished Creatures
  An endoplasm (D:1)
1 creature vanquished.

Notes
Turn   | Place    | Note
-------+----------+-------------------------------------------
     0 | D:1      | blitzwitch the Mummy Cinder Acolyte began the quest for the
                  | Orb.
     0 | D:1      | Reached XP level 1. HP: 18/18 MP: 2/2
    77 | D:1      | Found a faded altar of an unknown god.
   225 | D:1      | Slain by a ball python

Illustrated notes

Levels and vault maps discovered:
D:1:      minmay_arrival_semitransparent, layout_rooms,
          hellmonk_ecumenical_altar_blasted

Action                   || total
-------------------------++-------
Melee: Falchion          ||     4
Armor: Robe              ||     2
Dodge: Dodged            ||     7

Table legend: (Time is in decaauts)
 A = Elapsed time spent in this place.
 B = Non-inter-level travel time spent in this place.
 C = Inter-level travel time spent in this place.
 D = Time resting spent in this place.
 E = Time spent auto-exploring this place.
 F = Levels seen in this place.
 G = Mean time per level.
                   A        B        C        D        E       F      G
               +--------+--------+--------+--------+--------+-----+--------+
         Total |    225 |    225 |      0 |      0 |      0 |   1 |  225.0 |
       Dungeon |    225 |    225 |      0 |      0 |      0 |   1 |  225.0 |
               +--------+--------+--------+--------+--------+-----+--------+

Top non-repeatable levels by time:
     D:1: 225 daAuts
